 Seeded DCSS version 0.29.1-15-g9cfb28693d (webtiles) character file.

Game seed: 6374418851848462836 (custom seed)

39 Mickster the Chopper (level 3, -4/34 HPs)
             Began as a Hill Orc Berserker on Apr 2, 2023.
             Was a Follower of Trog.
             Killed by nerve-wracking pain
             ... invoked by Grinder
              (5 damage)
             ... on level 3 of the Dungeon.
             The game lasted 00:13:23 (1493 turns).

Mickster the Chopper (Hill Orc Berserker)           Turns: 1493, Time: 00:13:23

Health: -4/34      AC: 10    Str: 21    XL:     3   Next: 45%
Magic:  3/3        EV:  8    Int:  7    God:    Trog [*.....]
Gold:   66         SH:  0    Dex: 10    Spells: 2/2 levels left

rFire   . . .      SeeInvis .   a - +0 hand axe
rCold   . . .      Faith    .   (no shield)
rNeg    . . .      Spirit   .   d - +0 chain mail
rPois   .          Reflect  .   (no helmet)
rElec   .          Harm     .   (no cloak)
rCorr   .          Rampage  .   (no gloves)
Will    .....                   f - +0 pair of boots
Stlth   ..........              (no amulet)
HPRegen 0.11/turn               (no ring)
MPRegen 0.08/turn               (no ring)

@: on berserk cooldown, slowed, very slow
A: no striking features
a: Renounce Religion, Berserk


You were on level 3 of the Dungeon.
You worshipped Trog.
Trog was aware of your devotion.
You visited 1 branch of the dungeon, and saw 3 of its levels.

You collected 66 gold pieces.

Inventory:

Hand Weapons
 a - a +0 hand axe (weapon)
Missiles
 c - 17 stones (quivered)
Armour
 d - a +0 chain mail (worn)
 f - a +0 pair of boots (worn)
Scrolls
 b - 3 scrolls of identify
 h - a scroll of teleportation
 i - a scroll of torment {unknown}
 k - a scroll of fear {unknown}
Potions
 e - a potion of lignification
 g - a potion of curing
 j - a potion of brilliance {unknown}


   Skills:
 + Level 4.3 Fighting
 * Level 5.0 Axes
 + Level 2.4 Armour
 + Level 1.6 Dodging


You had 2 spell levels left.
You didn't know any spells.
Your spell library was empty.

Dungeon Overview and Level Annotations

Branches:
Dungeon (3/15)

Altars:

Annotations:
D:3 Grinder


Message History

Grinder hits you but does no damage. Grinder closely misses you.
You hit Grinder but do no damage.
Grinder is lightly wounded.
Grinder gestures at you. You resist with almost no effort.
You closely miss Grinder.
Grinder is lightly wounded.
You feel the effects of Trog's Hand fading.
Grinder barely misses you. Grinder gestures at you.
You resist with almost no effort.
You barely miss Grinder.
Grinder is lightly wounded.
Grinder barely misses you.
You barely miss Grinder.
Grinder is lightly wounded.
Grinder hits you.
You writhe in agony.
Grinder hits you.
You slash Grinder!
Grinder is moderately wounded.
Your skin stops crawling.
You feel less strong-willed. Grinder gestures at you.
Pain shoots through your body!
* * * LOW HITPOINT WARNING * * *
You barely miss Grinder.
Grinder is moderately wounded.
Grinder hits you but does no damage. Grinder gestures at you.
You barely resist. You closely miss Grinder.
Grinder is moderately wounded.
Grinder hits you but does no damage.
You hit Grinder but do no damage.
Grinder is moderately wounded.
Grinder hits you!
* * * LOW HITPOINT WARNING * * *
You writhe in agony.
* * * LOW HITPOINT WARNING * * *
Grinder gestures at you. Pain shoots through your body!
You die...

###########
#.........#
.........#.#
.#.#####.#.#
#@#.# ####5#.#
#......#####
#...........
#......########
#......#......#
#......#.####.#
#......#)# #.#
######.#<# #.#


You could see Grinder.

Vanquished Creatures
  5 endoplasms (D:1)
  5 giant cockroaches
  A goblin (D:1)
  4 hobgoblins
  2 jackals (D:2)
  3 quokkas
  3 ball pythons
  4 bats
  3 kobolds
  4 rats
34 creatures vanquished.

Vanquished Creatures (others)
  6 plants (D:1)
6 creatures vanquished.

Grand Total: 40 creatures vanquished

Notes
Turn   | Place    | Note
-------+----------+-------------------------------------------
     0 | D:1      | Mickster the Hill Orc Berserker began the quest for the
                  | Orb.
     0 | D:1      | Reached XP level 1. HP: 19/19 MP: 1/1
   272 | D:1      | Reached XP level 2. HP: 21/27 MP: 2/2
   663 | D:1      | Reached XP level 3. HP: 33/33 MP: 3/3
  1100 | D:2      | Reached ** piety under Trog
  1121 | D:2      | Reached skill level 5 in Axes
  1476 | D:3      | Noticed Grinder
  1493 | D:3      | HP: 1/34 [Grinder (3)]
  1493 | D:3      | Killed from afar by Grinder

Illustrated notes

Levels and vault maps discovered:
D:1:      saegor_arrival_miasma, layout_loops_ring, serial_bayou,
          serial_bayou_shore_b, serial_bayou_shore_b, serial_bayou_pond_b,
          serial_bayou_pond_e
D:2:      minmay_door_path, layout_basic, minmay_tromino_v4_c
D:3:      layout_basic, shapermc_ecumenical_altar_mp_vishouse, uniq_grinder,
          uniq_natasha

Skill      XL: |  1  2  3 |
---------------+----------+-----
Fighting       | 4 |  4.3
Axes           | 5 |  5.0
Armour         | |  2.4
Dodging        | |  1.6

Action                   || total
-------------------------++-------
Melee: Hand axe          ||   122
Invok: Berserk           ||     1
       Trog's Hand       ||     1
  Use: Scroll            ||     4
       Potion            ||     2
Armor: Animal skin       ||     4
       Ring mail         ||     1
       Chain mail        ||    79
Dodge: Dodged            ||    48
